 Dungeon Crawl Stone Soup version 0.28-a0-1429-gf3d713df7a (webtiles) character file.

Game seed: 2223438640748499818

258 HallandMoats the Shield-Bearer (level 5, -1/42 HPs)
             Began as a Demonspawn Fighter on Jan 9, 2022.
             Killed from afar by Pikel (43 damage)
             ... with a bolt of acid
             ... on level 4 of the Dungeon.
             The game lasted 00:04:02 (5295 turns).

HallandMoats the Shield-Bearer (Demonspawn Fighter) Turns: 5295, Time: 00:04:03

Health: -1/42      AC:  6    Str: 18    XL:     5   Next: 94%
Magic:  7/7        EV:  9    Int: 10    God:
Gold:   117        SH:  8    Dex: 12    Spells: 4/4 levels left

rFire   . . .      SeeInvis .   b - +0 dagger (venom)
rCold   . . .      Faith    .   c - +0 buckler
rNeg    . . .      Spirit   .   g - +0 scale mail
rPois   .          Reflect  .   (helmet restricted)
rElec   .          Harm     .   (no cloak)
rCorr   .          Rampage  .   (no gloves)
Will    .....                   (no boots)
Stlth   ..........              i - amulet of the acrobat
HPRegen 0.14/turn               (no ring)
MPRegen 0.20/turn               (no ring)

@: no status effects
A: horns 2, large bone plates 1, magic regeneration
a: no special abilities


You were on level 4 of the Dungeon.
You visited 1 branch of the dungeon, and saw 4 of its levels.

You collected 117 gold pieces.

Inventory:

Hand Weapons
 a - a +0 war axe
 b - a +0 dagger of venom (weapon)
Armour
 c - a +0 buckler (worn)
 g - a +0 scale mail (worn)
 s - an orb of light
Jewellery
 i - an amulet of the acrobat (around neck)
Scrolls
 e - 2 scrolls of teleportation {unknown}
 f - a scroll of vulnerability {unknown}
 j - 2 scrolls of identify {unknown}
 l - a scroll of blinking {unknown}
 m - a scroll of holy word {unknown}
 n - 4 scrolls of fear {unknown}
Potions
 d - 2 potions of might
 h - a potion of haste {unknown}
 k - a potion of berserk rage {unknown}
 o - a potion of curing {unknown}
 p - a potion of degeneration {unknown}
 q - a potion of flight {unknown}
 r - a potion of cancellation {unknown}


   Skills:
 + Level 3.7 Fighting
 + Level 2.5 Axes
 + Level 3.2 Armour
 + Level 1.6 Dodging
 * Level 3.7 Shields
 * Level 3.6 Invocations


You had 4 spell levels left.
You didn't know any spells.
Your spell library was empty.

Dungeon Overview and Level Annotations

Branches:
Dungeon (4/15)
 Temple: D:4-7

Altars:

Annotations:
D:4 Pikel


Innate Abilities, Weirdness & Mutations

You have a pair of horns on your head.
You are partially covered in large bone plates. (SH +4)
You regenerate magic rapidly.


Message History

Pikel is wielding a +1 whip of electrocution and carrying a wand of acid (5).
The orc shouts!
The orc wizard shouts!
You hear a shout!
An orc comes into view. It is wielding a +0 dagger.
There are monsters nearby!
There are monsters nearby!
Found a scroll labelled QEONKIL DORGH.
The orc wizard hits you but does no damage.
You miss the orc wizard.
The orc wizard hits you with a +0 dagger.
You closely miss the orc wizard. The orc wizard misses you.
You closely miss the orc wizard. You headbutt the orc wizard!
The orc wizard is heavily wounded.
You block the orc wizard's attack.
You hit the orc wizard.
The orc wizard is severely wounded.
You block the orc wizard's attack.
You hit the orc wizard but do no damage.
The orc wizard is poisoned.
You headbutt the orc wizard.
The orc wizard is severely wounded.
The orc wizard hits you with a +0 dagger.
You hit the orc wizard but do no damage.
The orc wizard looks as sick as possible!
You headbutt the orc wizard, but do no damage.
The orc wizard is almost dead.
You kill the orc wizard!
Pikel says, "You'll feel the lick of my whip!"
Pikel zaps a wand.
The bolt of acid hits you!! The acid corrodes you!
Pikel says, "I knew I should've brought a map."
Pikel says, "All the demons know me.
They respect me."
You are no longer corroded.
There is a stone staircase leading up here.
You climb upwards.
There is a stone staircase leading down here.
You start resting.
HP restored.
You climb downwards.
Level annotation: Pikel You block the orc's attack.
Pikel zaps a wand.
The bolt of acid hits you!!!
Ouch! That really hurt!
You die...

....o...# ....#####.........
.#################..####.........
K)...# #...#...###..............
####.####.##............>........
...#.................[...#.......
...####..........................
........#........................
...######......o.............####
................@o.......###.#
...###...#.K.............# ##
....)....#..............## ###
...#####...............#####...
#.## ##.####.####........#.#
.(.## #.## #.# #..........#
....## #..###.# #.........######
.....####...<..# #.##............
..o...##.......###. #............


You could see Pikel and 2 orcs.

Vanquished Creatures
  An ogre (D:4)
  3 lemures
  An iguana (D:4)
  An orc wizard (D:4)
  An adder (D:2)
  A howler monkey skeleton (D:4)
  An adder skeleton (D:4)
  4 dart slugs
  10 orcs (D:4)
  5 ball pythons
  4 bats
  6 endoplasms
  3 giant cockroaches (D:3)
  18 goblins
  5 hobgoblins
  5 jackals
  6 kobolds
  4 frilled lizards
  7 rats
86 creatures vanquished.

Vanquished Creatures (others)
  5 fungi (D:4)
  A plant (D:3)
6 creatures vanquished.

Grand Total: 92 creatures vanquished

Notes
Turn   | Place    | Note
-------+----------+-------------------------------------------
     0 | D:1      | HallandMoats the Demonspawn Fighter began the quest for the
                  | Orb.
     0 | D:1      | Reached XP level 1. HP: 18/18 MP: 1/1
   288 | D:1      | Reached skill level 1 in Invocations
   288 | D:1      | Gained mutation: You regenerate magic rapidly. [demonic
                  | ancestry]
   288 | D:1      | Reached XP level 2. HP: 18/24 MP: 2/2
   998 | D:1      | Gained mutation: You have a pair of small horns on your
                  | head. [demonic ancestry]
   998 | D:1      | Reached XP level 3. HP: 29/29 MP: 4/4
  2062 | D:2      | Found a faded altar of an unknown god.
  2959 | D:3      | Gained mutation: You have a pair of horns on your head.
                  | [demonic ancestry]
  2959 | D:3      | Reached XP level 4. HP: 35/35 MP: 5/5
  3420 | D:3      | Reached skill level 1 in Dodging
  3754 | D:4      | Noticed an ogre
  3775 | D:4      | Killed an ogre
  3776 | D:4      | Gained mutation: You are partially covered in large bone
                  | plates. (SH +4) [demonic ancestry]
  3776 | D:4      | Reached XP level 5. HP: 21/41 MP: 7/7
  4057 | D:4      | Noticed a lemure
  4058 | D:4      | Noticed a lemure
  4059 | D:4      | Noticed Pikel
  4063 | D:4      | Noticed a lemure
  4063 | D:4      | Noticed a lemure
  4086 | D:4      | Killed a lemure
  4400 | D:3      | Killed a lemure
  4838 | D:2      | Killed a lemure
  5295 | D:4      | Killed from afar by Pikel

Illustrated notes

Levels and vault maps discovered:
D:1:      dpeg_arrival_arbitrary_a, layout_loops_cross, serial_co_window_serial,
          co_window_paths_b, co_window_corner_a, co_window_paths_b,
          co_window_paths_b, co_window_cross_1, co_window_broadway_c,
          co_window_cross_4, co_window_broadway_b, co_window_of_opportunity_b,
          co_window_cross_3, co_window_paths_d, co_window_4corner_a,
          glass_columns_b, glass_columns_c, glass_columns_a
D:2:      layout_loops_ring, basic_ecumenical_altar, st_stairs_10, hex_large,
          minmay_misc_feat_cross
D:3:      layout_loops_ring, serial_bayou_pond_a
D:4:      layout_rooms, serial_aquarium, aquarium_bridge_long_separate
          [aquarium_subvault_bridge, aquarium_subvault_wall,
          aquarium_subvault_bridge, aquarium_subvault_bridge,
          aquarium_subvault_window, aquarium_subvault_bridge],
          aquarium_window_fake, aquarium_window_2, aquarium_window_1,
          aquarium_window_corner, aquarium_view_4, aquarium_pool_2,
          nrook_loot_triangle, uniq_pikel

Skill      XL: |  1  2  3  4 |
---------------+-------------+-----
Invocations    | 1 2 3 |  3.6
Shields        | 3 |  3.7
Axes           | 2 |  2.5
Armour         | 3 |  3.2
Dodging        | 1 |  1.6
Fighting       | |  3.7

Action                   |  1- 3 |  4- 6 || total
-------------------------+-------+-------++-------
Melee: War axe           |    55 |       ||    55
       Dagger            |    68 |   138 ||   206
       Headbutt          |    11 |    35 ||    46
Armor: Scale mail        |    46 |    50 ||    96
Dodge: Dodged            |    48 |    49 ||    97
Block: Buckler           |    19 |    39 ||    58

Table legend: (Time is in decaauts)
 A = Elapsed time spent in this place.
 B = Non-inter-level travel time spent in this place.
 C = Inter-level travel time spent in this place.
 D = Time resting spent in this place.
 E = Time spent auto-exploring this place.
 F = Levels seen in this place.
 G = Mean time per level.
                   A        B        C        D        E       F      G
               +--------+--------+--------+--------+--------+-----+--------+
         Total |   5331 |   5218 |    113 |    967 |   3366 |   4 | 1332.8 |
       Dungeon |   5331 |   5218 |    113 |    967 |   3366 |   4 | 1332.8 |
               +--------+--------+--------+--------+--------+-----+--------+

Top non-repeatable levels by time:
     D:1: 2286 daAuts
     D:3: 1629 daAuts
     D:2: 879 daAuts
     D:4: 535 daAuts
